 Dungeon Crawl Stone Soup version 0.20.1-1-g8b1a95d (webtiles) character file.

46 vineage the Skirmisher (level 3, -46/43 HPs)
             Began as a Demonspawn Berserker on Sept 15, 2017.
             Was a Follower of Trog.
             Killed from afar by Natasha (48 damage)
             ... with an exploding inner flame
             ... hexed by the player character
             ... on level 2 of the Dungeon.
             The game lasted 00:01:12 (927 turns).

vineage the Skirmisher (Demonspawn Berserker)        Turns: 927, Time: 00:01:14

Health: -46/43     AC:  2    Str: 23    XL:     3   Next: 46%
Magic:  3/3        EV: 12    Int:  8    God:    Trog [*.....]
Gold:   62         SH:  4    Dex: 12    Spells: 2/2 levels left

rFire    . . .     SeeInvis .   a - +0 falchion
rCold    . . .     Gourm    .   (no shield)
rNeg     . . .     Faith    .   b - +0 animal skin
rPois    .         Spirit   .   (no helmet)
rElec    .         Reflect  .   (no cloak)
rCorr    .         Harm     .   (no gloves)
MR       .....                  (no boots)
Stlth    ..........             (no amulet)
Regen    0.2/turn               (no ring)
MPRegen  0.1/turn               (no ring)

@: berserking, very quick
A: hooves 1, large bone plates 1
a: Berserk, Burn Spellbooks, Renounce Religion


You were on level 2 of the Dungeon.
You worshipped Trog.
Trog was aware of your devotion.
You were hungry.

You visited 1 branch of the dungeon, and saw 2 of its levels.

You collected 62 gold pieces.

Inventory:

Hand Weapons
 a - a +0 falchion (weapon)
Armour
 b - a +0 animal skin (worn)
Comestibles
 c - a bread ration


   Skills:
 + Level 3.4 Fighting
 + Level 3.4 Long Blades
 + Level 2.0 Armour
 + Level 2.1 Dodging


You had 2 spell levels left.
You didn't know any spells.

Dungeon Overview and Level Annotations

Branches:
Dungeon (2/15)

Altars:
Cheibriados
Gozag
Sif Muna
Xom
The Shining One


Innate Abilities, Weirdness & Mutations

You have large cloven feet.
You are partially covered in large bone plates. (SH +4)


Message History

The iron imp shouts, "Turn tail, thou churlish rude-growing mendicant!"
You see here the felid corpse of Natasha.
Found a scroll of identify.
Natasha closely misses you.
You barely miss Natasha. Natasha barely misses you.
A red film seems to cover your vision as you go berserk!
You feel yourself moving faster!
You feel mighty!
You are feeling hungry.
Natasha barely misses you.
You slash Natasha! Your kick misses Natasha.
Natasha is heavily wounded.
Natasha claws you.
* * * LOW HITPOINT WARNING * * *
You slash Natasha!
You feel the power of Trog in you as your rage grows.
Natasha explodes!
The fiery explosion engulfs the iron imp.
The iron imp completely resists.
The fiery explosion engulfs you!
Ouch! That really hurt!
You die...

### #.. . ### ##.## ...
#.. .5.# <... #.# #..#
...# #.####..# ...#
#.##...§##########
...#####.##.##5§@.......#
..........#.##.####.....#
...............# ....#
..........#..#.# .?.#
...########..#.# ..# ...#
##.#.. ## ...# .### ...#
.# ...# ..


You could see an iron imp.

Vanquished Creatures
  Natasha (D:2)
  A dart slug (D:1)
  A leopard gecko (D:1)
  2 goblins (D:1)
  2 hobgoblins
  4 kobolds
  4 bats (D:1)
  A frilled lizard (D:1)
  2 rats (D:1)
18 creatures vanquished.

Notes
Turn   | Place    | Note
-------+----------+-------------------------------------------
     0 | D:1      | vineage the Demonspawn Berserker began the quest for the Orb.
     0 | D:1      | Reached XP level 1. HP: 18/18 MP: 1/1
    89 | D:1      | Gained mutation: You have large cloven feet. [demonic ancestry]
    89 | D:1      | Reached XP level 2. HP: 20/24 MP: 2/2
   669 | D:1      | Found a shimmering altar of Xom.
   671 | D:1      | Found a deep blue altar of Sif Muna.
   671 | D:1      | Found an opulent altar of Gozag.
   673 | D:1      | Found a shimmering altar of Xom.
   673 | D:1      | Found a snail-covered altar of Cheibriados.
   673 | D:1      | Found a glowing golden altar of the Shining One.
   807 | D:2      | Noticed Natasha
   820 | D:2      | Killed Natasha
   820 | D:2      | Gained mutation: You are partially covered in large bone plates. (SH +4) [demonic ancestry]
   820 | D:2      | Reached XP level 3. HP: 4/29 MP: 3/3
   916 | D:2      | Noticed Natasha
   926 | D:2      | HP: 2/43 [Natasha (6)]
   927 | D:2      | Killed Natasha
   927 | D:2      | Killed from afar by Natasha

Skill      XL: |  1  2 |
---------------+-------+-----
Long Blades    | 3 |  3.4
Dodging        | 2 |  2.1
Armour         | 2 |  2.0
Fighting       | |  3.4

Action                   || total
-------------------------++-------
Melee: Falchion          ||    47
       Kick              ||     7
Invok: Berserk           ||     1
  Use: Scroll            ||     3
Armor: Animal skin       ||    10
Dodge: Dodged            ||    37
       Rpst.: Falchion   ||    13
